Map: Oxide LE

Players

DnS

  • Race: Protoss Protoss
  • Spawn Location: 7:00

MarineLorD - Winner!

  • Race: Terran Terran
  • League: Master
  • Spawn Location: 1:00

Event: DreamHack SC2 Masters 2020 Winter

VOD

Have the link to the VOD?

Description

Time

  • Played on: Oct. 25, 2020, 3:06 p.m.
  • Length: 7:31

All games in this series

Show
View Real Time Build Order
Export as new Build Order

DnS Protoss 

Build Orders: 1 Gate Expand, Phoenix Opening 

Get SALT Encoding   

  12  0:00  Probe  
  13  0:12  Probe  
  14  0:18  Pylon  
  14  0:24  Probe  
  15  0:36  Probe (Chrono Boost)  
  15  0:38  Gateway  
  16  0:46  Assimilator, Probe (Chrono Boost)  
  17  0:51  Probe (Chrono Boost)  
  18  1:03  Probe  
  19  1:15  Probe  
  20  1:28  Cybernetics Core  
  20  1:35  Nexus  
  20  1:38  Probe  
  21  1:46  Pylon  
  21  1:51  Probe  
  22  1:55  Assimilator  
  22  2:02  Adept (Chrono Boost)  
  22  2:08  Shield Battery  
  24  2:10  Probe  
  25  2:22  Adept (Chrono Boost)  
  25  2:23  Probe  
  28  2:35  Probe  
  28  2:36  Stargate  
  29  2:39  Warp Gate  
  29  2:48  Probe (Chrono Boost)  
  31  2:53  Adept, Probe (Chrono Boost)  
  31  2:57  Probe (Chrono Boost)  
  34  3:01  Probe (Chrono Boost)  
  34  3:02  Probe (Chrono Boost)  
  36  3:12  Probe  
  37  3:15  Probe  
  37  3:19  Phoenix (Chrono Boost)  
  38  3:23  Adept  
  38  3:24  Probe  
  38  3:27  Probe  
  44  3:29  Pylon  
  44  3:34  Pylon  
  44  3:36  Probe  
  44  3:39  Probe  
  46  3:47  Phoenix (Chrono Boost)  
  49  3:48  Probe  
  45  3:55  Probe  
  45  4:00  Probe  
  44  4:04  Gateway  
  44  4:06  Gateway  
  44  4:08  Probe  
  44  4:09  Phoenix (Chrono Boost)  
  47  4:12  Probe  
  48  4:20  Probe  
  49  4:24  Probe  
  49  4:27  Phoenix (Chrono Boost)  
  49  4:30  Assimilator  
  52  4:32  Probe  
  52  4:36  Probe  
  52  4:38  Pylon  
  54  4:42  Adept  
  54  4:44  Phoenix (Chrono Boost), Probe  
  59  4:49  Probe  
  59  4:51  Pylon  
  60  4:56  Probe  
  60  4:57  Robotics Facility  
  61  5:01  Probe  
  61  5:05  Assimilator, Pylon  
  62  5:08  Probe  
  62  5:13  Probe  
  60  5:22  Phoenix  
  60  5:23  Probe  
  63  5:35  Nexus, Probe  
  64  5:36  Pylon  
  64  5:38  Probe  
  64  5:39  Sentry  
  67  5:44  Robotics Bay  
  67  5:46  Observer  
  67  5:48  Probe  
  69  5:50  Probe  
  69  5:54  Forge  
  70  6:00  Probe  
  70  6:02  Probe  
  72  6:12  Probe  
  72  6:14  Probe  
  72  6:15  Pylon  
  72  6:16  Observer  
  72  6:18  Twilight Council  
  74  6:19  Pylon  
  74  6:24  Probe  
  75  6:26  Probe  
  75  6:30  Colossus (Chrono Boost)  
  75  6:31  Pylon  
  82  6:37  Probe  
  83  6:40  Shield Battery  
  83  6:41  Shield Battery  
  83  6:42  Sentry  
  83  6:46  Stalker  
  87  6:55  Stalker  
  79  7:05  Pylon  
  75  7:09  Stalker x2  
Show
View Real Time Build Order
Export as new Build Order

MarineLorD Terran - Winner!

Build Orders:  

Get SALT Encoding   

  12  0:00  SCV  
  13  0:12  SCV  
  14  0:16  Supply Depot  
  14  0:24  SCV  
  15  0:29  Refinery  
  15  0:38  SCV  
  16  0:44  Barracks  
  16  0:50  SCV  
  17  1:02  SCV  
  18  1:11  Engineering Bay  
  18  1:15  SCV  
  19  1:31  Marine, Orbital Command  
  20  1:38  Factory  
  20  1:49  Supply Depot  
  20  1:50  Barracks Reactor  
  20  1:57  SCV  
  21  2:09  SCV  
  21  2:15  Command Center  
  22  2:21  SCV  
  23  2:29  Hellion  
  27  2:30  Hellion  
  27  2:35  SCV  
  28  2:42  Supply Depot  
  28  2:47  SCV  
  28  3:00  Marine x2  
  28  3:01  SCV, Factory Tech Lab  
  31  3:14  SCV  
  31  3:17  Command Center  
  32  3:23  Cyclone  
  35  3:27  Marine x2  
  35  3:33  Orbital Command  
  37  3:36  SCV  
  38  3:47  Barracks  
  38  3:51  SCV  
  38  3:53  Marine x2  
  41  3:56  Orbital Command  
  41  4:02  Cyclone  
  42  4:06  SCV  
  42  4:08  Barracks  
  43  4:11  Marine  
  42  4:26  SCV  
  42  4:27  SCV  
  42  4:28  Orbital Command  
  44  4:32  Marine x2  
  46  4:39  SCV x2, Refinery  
  46  4:40  Marine, Refinery  
  46  4:44  Stimpack  
  49  4:51  SCV x2  
  53  4:52  Widow Mine  
  53  4:57  Engineering Bay  
  53  4:58  SCV  
  53  4:59  Marine  
  54  5:01  Barracks Tech Lab  
  54  5:02  Marine  
  54  5:03  SCV  
  54  5:04  Marine  
  58  5:07  SCV  
  58  5:10  SCV  
  59  5:15  SCV  
  59  5:17  Marine  
  59  5:19  Marine  
  59  5:20  SCV  
  60  5:22  Combat Shield, SCV  
  60  5:27  SCV, Terran Infantry Weapons Level 1  
  62  5:32  SCV  
  62  5:34  SCV  
  62  5:35  Supply Depot, Factory Reactor  
  64  5:37  Starport  
  64  5:39  SCV  
  64  5:40  Marine x2  
  64  5:42  Marauder  
  69  5:50  Marauder  
  69  5:51  Supply Depot  
  69  5:57  SCV x2  
  71  5:58  Marine x2  
  71  6:03  Marauder  
  75  6:05  Refinery  
  75  6:07  Missile Turret, Supply Depot  
  75  6:09  SCV  
  76  6:13  Marauder  
  76  6:17  SCV  
  79  6:19  Barracks  
  79  6:20  Orbital Command, Barracks  
  79  6:21  SCV  
  79  6:22  Medivac, Factory Tech Lab  
  79  6:23  Medivac  
  79  6:24  Concussive Shells, Marine  
  85  6:28  Marine  
  85  6:29  Marauder  
  85  6:31  SCV  
  89  6:34  SCV  
  89  6:38  Marine  
  91  6:42  Marine  
  91  6:43  SCV  
  91  6:44  Supply Depot  
  91  6:45  Supply Depot  
  93  6:49  SCV x2  
  93  6:50  Marauder  
  95  6:55  SCV  
  95  6:59  Marine, Marauder  
  95  7:00  Marine  
  93  7:01  SCV x2  
  93  7:07  SCV  
  94  7:13  SCV x2  
Tags
 
Add a new tag
Caveats
  • Supply blocks, unpowered buildings, or Contaminate may cause inaccurate times.
  • Supply counts are checked every 10 seconds.